 Dungeon Crawl Stone Soup version 0.24-a0-484-g962a3eeff7 (webtiles) character file.

Game seed: 12966799594153035994

312 Mithandil the Conjurer (level 6, -1/32 HPs)
             Began as a Deep Elf Conjurer on July 9, 2019.
             Was an Initiate of Vehumet.
             Slain by an ogre
             ... wielding a +0 giant club
              (9 damage)
             ... on level 4 of the Dungeon.
             The game lasted 00:42:38 (3814 turns).

Mithandil the Conjurer (Deep Elf Conjurer)          Turns: 3814, Time: 00:42:38

Health: -1/32      AC:  5    Str:  6    XL:     6   Next: 18%
Magic:  11/16      EV: 11    Int: 21    God:    Vehumet [......]
Gold:   190        SH:  0    Dex: 15    Spells: 4/15 levels left

rFire    . . .     SeeInvis .   a - +0 dagger
rCold    . . .     Gourm    .   (no shield)
rNeg     + . .     Faith    .   g - +0 ring mail
rPois    .         Spirit   .   (no helmet)
rElec    .         Reflect  .   (no cloak)
rCorr    .         Harm     .   (no gloves)
MR       .....                  (no boots)
Stlth    ++........             r - amulet of magic regeneration
HPRegen  0.10/turn              d - ring of positive energy
MPRegen  0.40/turn              (no ring)

@: no status effects
A: no striking features
a: Renounce Religion


You were on level 4 of the Dungeon.
You worshipped Vehumet.
Vehumet was noncommittal.
You were hungry.

You visited 2 branches of the dungeon, and saw 6 of its levels.

You collected 190 gold pieces.

Inventory:

Hand Weapons
 a - a +0 dagger (weapon)
 b - a +1 short sword
 C - a +1 mace of holy wrath
Missiles
 e - 135 stones
 m - 32 arrows
 u - 8 boomerangs (quivered)
Armour
 g - a +0 ring mail (worn)
 l - a +0 scale mail
 x - a +1 shield
 y - a +0 leather armour
Jewellery
 d - a ring of positive energy (left hand)
 r - an amulet of magic regeneration (around neck)
Wands
 w - a wand of disintegration (19)
Scrolls
 s - 3 scrolls of teleportation
 A - a scroll of enchant armour
Potions
 j - a potion of mutation {unknown}
 k - 2 potions of ambrosia {unknown}
 n - 3 potions of brilliance {unknown}
 p - a potion of agility {unknown}
 q - a potion of haste {unknown}
 t - 2 potions of degeneration {unknown}
 v - a potion of lignification {unknown}
 z - a potion of flight {unknown}
Comestibles
 c - 9 rations
 f - 4 chunks of flesh


   Skills:
 - Level 0.2 Fighting
 - Level 0.4 Short Blades
 + Level 3.7 Dodging
 + Level 3.7 Stealth
 * Level 5.3 Spellcasting
 * Level 5.9 Conjurations
 + Level 1.5 Translocations


You had 4 spell levels left.
You knew the following spells:

 Your Spells              Type           Power        Failure   Level  Hunger
a - Magic Dart            Conj           ####         3%          1    None
b - Searing Ray           Conj           ####..       6%          2    None
c - Force Lance           Conj/Tloc      ###.....     67%         4    ####...
d - Iskenderun's Mystic   Conj           ####....     36%         4    ####...

Your spell library contained the following spells:

 Spells                   Type           Power        Failure   Level  Hunger
 Dazzling Spray           Conj/Hex       ###...       36%         3    ##.....
 Fulminant Prism          Conj/Hex       ###.......   77%         4    ####...


Dungeon Overview and Level Annotations

Branches:
Dungeon (5/15)             Temple (1/1) D:4

Altars:
Ashenzari
Cheibriados
Dithmenos
Elyvilon
Fedhas
Gozag
Hepliaklqana
Makhleb
Nemelex Xobeh
Okawaru
Qazlal
Ru
Trog
Uskayaw
Vehumet
Yredelemnul
The Shining One

Annotations:
D:4 Pikel


Message History

The ogre is severely wounded.
The ogre barely misses you.
Casting: Magic Dart (safe; 3% risk of failure)
Confirm with . or Enter, or press ? or * to list all spells.
Aiming: Magic Dart (safe; 3% risk of failure)
Press: ? - help, Shift-Dir - straight line, f/p - ogre
Aim: an ogre, wielding a +0 giant club (severely wounded)
The magic dart hits the ogre but does no damage.
The ogre is severely wounded.
The ogre hits you with a +0 giant club!
* * * LOW HITPOINT WARNING * * *
Casting: Magic Dart (safe; 3% risk of failure)
Confirm with . or Enter, or press ? or * to list all spells.
Aiming: Magic Dart (safe; 3% risk of failure)
Press: ? - help, Shift-Dir - straight line, f/p - ogre
Aim: an ogre, wielding a +0 giant club (severely wounded)
The magic dart hits the ogre.
The ogre is almost dead.
The ogre hits you with a +0 giant club!
You die...

#.#
#########.####.#
#.# #......#
#.##########
########
#..........#
##########.# #.#
#.# ########
#.########
#.......
#...O@...#
#.######
########.######.#
#........#
##########


You could see an ogre.

Vanquished Creatures
  A bullfrog skeleton (D:4)
  2 worker ants
  A howler monkey skeleton (D:4)
  6 adders
  3 gnolls (D:4)
  4 worms
  3 dart slugs
  5 leopard geckos
  5 orcs
  A bat (D:2)
  6 giant cockroaches
  18 goblins
  14 hobgoblins
  7 jackals
  10 kobolds
  4 quokkas
  4 ball pythons
  5 frilled lizards
  A leopard gecko skeleton (D:4)
  A quokka skeleton (D:4)
  14 rats
115 creatures vanquished.

Notes
Turn   | Place    | Note
-------+----------+-------------------------------------------
     0 | D:1      | Mithandil the Deep Elf Conjurer began the quest for the
                  | Orb.
     0 | D:1      | Reached XP level 1. HP: 10/10 MP: 6/6
   138 | D:1      | Reached XP level 2. HP: 15/15 MP: 6/8
   145 | D:1      | Learned a level 2 spell: Searing Ray
   639 | D:1      | Reached XP level 3. HP: 13/19 MP: 6/10
  1141 | D:2      | Found a shadowy altar of Dithmenos.
  1299 | D:2      | Reached skill level 5 in Conjurations
  1323 | D:2      | Reached XP level 4. HP: 24/24 MP: 6/12
  1970 | D:3      | Learned a level 4 spell: Force Lance
  1975 | D:3      | Learned a level 4 spell: Iskenderun's Mystic Blast
  2334 | D:3      | Reached XP level 5. HP: 28/28 MP: 10/13
  2489 | D:3      | Reached skill level 1 in Translocations
  2767 | D:4      | Found a staircase to the Ecumenical Temple.
  3031 | Temple   | Entered the Ecumenical Temple
  3049 | Temple   | Became a worshipper of Vehumet
  3334 | D:4      | Reached skill level 5 in Spellcasting
  3381 | D:4      | Reached XP level 6. HP: 28/32 MP: 8/15
  3426 | D:5      | Entered Level 5 of the Dungeon
  3763 | D:4      | Noticed a slave
  3764 | D:4      | Noticed a slave
  3765 | D:4      | Noticed Pikel
  3765 | D:4      | Noticed a slave
  3765 | D:4      | Noticed a slave
  3814 | D:4      | Slain by an ogre

Levels and vault maps discovered:
D:1:      grunt_arrival_crossed_arrows, layout_loops_ring
D:2:      kennysheep_the_goblin_king, layout_rooms,
          nicolae_dithmenos_shadow_blocks, interstate_on_off
D:3:      layout_loops_ring, first_ration
D:4:      layout_loops_ring, tgw_sif, minmay_temple_entry_mini_moons,
          bh_walls_and_bars, uniq_pikel
D:5:      cheibrodos_thug_alley, layout_basic, overflow_temple_1_default,
          kennysheep_mini_moat, lemuel_coloured_pillars_altar, serial_shops,
          shop, ebering_ghost_reflecting_pool, uniq_crazy_yiuf_cottage,
          uniq_ijyb
Temple:   nicolae_temple_elliptical

Skill      XL: |  1  2  3  4  5 |
---------------+----------------+-----
Spellcasting   | 4 5 |  5.3
Conjurations   | 5 |  5.9
Stealth        | 3 |  3.7
Dodging        | 3 |  3.7
Translocations | 1 |  1.5
Fighting       | |  0.2
Short Blades   | |  0.4

Action                   |  1- 3 |  4- 6 || total
-------------------------+-------+-------++-------
Melee: Dagger            |     4 |       ||     4
 Cast: Magic Dart        |   100 |   169 ||   269
       Searing Ray       |       |     2 ||     2
  Use: Scroll            |     2 |     9 ||    11
  Eat: Chunk             |     1 |     7 ||     8
Armor: Robe              |     2 |       ||     2
       Leather armour    |       |    13 ||    13
Dodge: Dodged            |    10 |    51 ||    61

Table legend:
 A = Non-vault XP
 B = Vault XP
 C = Vault XP percentage of total XP
 D = Non-vault monster count
 E = Vault monster count
 F = Vault count percentage of total count
                 A         B        C        D         E       F
            +---------+---------+-------+---------+---------+-------
      Total |     433 |      13 |   2.9 |     108 |       7 |   6.1
            +---------+---------+-------+---------+---------+-------
        D:1 |      42 |       0 |   0.0 |      26 |       0 |   0.0
        D:2 |     106 |      13 |  10.9 |      31 |       7 |  18.4
        D:3 |     104 |       0 |   0.0 |      31 |       0 |   0.0
        D:4 |     181 |       0 |   0.0 |      20 |       0 |   0.0
            +---------+---------+-------+---------+---------+-------
